 Dungeon Crawl Stone Soup version 0.25-a0-598-gc9c9e4c (webtiles) character file.

Game seed: 1788186004231897893, levelgen mode: deterministic

274 BlueFish the Insei (level 6, -1/38 HPs)
             Began as an Octopode Transmuter on Mar 16, 2020.
             Was an Initiate of Cheibriados.
             Killed from afar by a steam dragon (14 damage)
             ... with a ball of steam
             ... on level 4 of the Dungeon.
             The game lasted 00:10:57 (2770 turns).

BlueFish the Insei (Octopode Transmuter)            Turns: 2770, Time: 00:10:58

Health: -1/38      AC:  1    Str: 12    XL:     6   Next: 24%
Magic:  9/9        EV: 14    Int: 17    God:    Cheibriados [......]
Gold:   158        SH:  0    Dex: 13    Spells: 3/9 levels left

rFire    . . .     SeeInvis .     - Unarmed
rCold    . . .     Gourm    .   (no shield)
rNeg     . . .     Faith    .   i - +0 hat
rPois    .         Spirit   .   (no amulet)
rElec    .         Reflect  .   (no ring)
rCorr    .         Harm     .   (no ring)
MR       .....                  (no ring)
Stlth    ++........             (no ring)
HPRegen  0.12/turn              (no ring)
MPRegen  0.11/turn              (no ring)
                                (no ring)
                                (no ring)

@: confused, very slow
A: almost no armour, stealthy swim, amphibious, 8 rings, constrict 8, camouflage
1, gelatinous body 1
a: Bend Time, Renounce Religion


You were on level 4 of the Dungeon.
You worshipped Cheibriados.
Cheibriados was noncommittal.
You were very hungry.

You visited 1 branch of the dungeon, and saw 4 of its levels.

You collected 158 gold pieces.

Inventory:

Hand Weapons
 b - a +0 flail of draining
 d - a +0 hunting sling of flaming
Missiles
 a - 74 arrows
Armour
 i - a +0 hat (worn)
Wands
 l - a wand of random effects (24)
Scrolls
 k - a scroll of identify
 n - a scroll of amnesia
 o - a scroll of remove curse
 q - a scroll of teleportation
Potions
 f - a potion of might {unknown}
 g - 2 potions of lignification
 j - a potion of mutation {unknown}
 m - a potion of haste {unknown}
 p - a potion of heal wounds {unknown}
Comestibles
 c - 5 rations
 h - 8 chunks of flesh


   Skills:
 + Level 1.0 Fighting
 + Level 2.8 Dodging
 * Level 3.3 Stealth
 + Level 3.9 Unarmed Combat
 + Level 2.4 Spellcasting
 * Level 2.9 Transmutations
 * Level 3.4 Poison Magic
 * Level 0.9 Invocations


You had 3 spell levels left.
You knew the following spells:

 Your Spells              Type           Power        Failure   Level  Hunger
a - Beastly Appendage     Tmut           ##....       5%          1    #......
b - Sticks to Snakes      Tmut           ##......     9%          2    ##.....
c - Spider Form           Tmut/Pois      ##........   16%         3    ###....

Your spell library contained the following spells:

 Spells                   Type           Power        Failure   Level  Hunger
 Ice Form                 Ice/Tmut       #.......     69%         4    #####..
 Blade Hands              Tmut           ##........   83%         5    ######.


Dungeon Overview and Level Annotations

Branches:
Dungeon (4/15)
 Temple: D:4-7

Altars:
Cheibriados
Ru

Annotations:
D:3 2 runed translucent doors, Heh's ghost, novice OpGl


Innate Abilities, Weirdness & Mutations

You cannot wear most types of armour.
You are very stealthy in the water. (Stealth+)
You are amphibious.
You can wear up to eight rings at the same time.
You can use your tentacles to constrict eight enemies at once.
Your skin changes colour to match your surroundings (Stealth+).
Your rubbery body absorbs attacks. (AC +1, EV +1)


Message History

You butcher the orc corpse.
h - 8 chunks of flesh (gained 4)
Things that are here:
a +0 mace; an orc skeleton
k - a scroll of identify You now have 158 gold pieces (gained 13).
A steam dragon comes into view.
Found 7 gold pieces.
The steam dragon hisses angrily.
Found 16 gold pieces.
You see here a scroll of remove curse.
The steam dragon breathes steam at you. The ball of steam hits you!
* * * LOW HITPOINT WARNING * * *
You are confused.
You feel invigorated.
You bump into the rock wall.
The steam dragon breathes steam at you. The ball of steam hits you!
You die...

*,,,,***,,,,* **,,,**** **,****
#...**** *,,,,,,,, *,,*
#...,,,***,,*****, *,,*
#..#**,,**,,* ** **,,* #..#
**$#,,,* *** **,,**
#..#*##.*,*,* *,, *,,,*
#..#*..,,,*,****,* *****
#..##.#**,,,**,,,* ***** #@.#..#
*<**,,,,** *,,,*
########D.#.#***,,,,***** *,,,*
#...........# *,,,,** * *,,,*
##..#.§.§..####..#,**
*,,,*#####...##)).......#,,**
*.$.##...........####....,,,****
*.......?.####...#**,,,.#,,,,,*,
*...................,,,******,,,
*...##.#............**,,,,,***,,


You could see a steam dragon.

Vanquished Creatures
  2 orc priests (D:4)
  A bullfrog skeleton (D:3)
  An orc wizard (D:4)
  Natasha (twice) (D:3)
  3 adders
  2 worms
  A dart slug (D:3)
  2 leopard geckos (D:2)
  2 orcs
  2 ball pythons
  8 bats
  5 giant cockroaches
  3 goblins (D:1)
  13 hobgoblins
  9 jackals
  3 frilled lizards
  6 kobolds
  10 rats
75 creatures vanquished.

Notes
Turn   | Place    | Note
-------+----------+-------------------------------------------
     0 | D:1      | BlueFish the Octopode Transmuter began the quest for the
                  | Orb.
     0 | D:1      | Reached XP level 1. HP: 13/13 MP: 3/3
   114 | D:1      | Reached XP level 2. HP: 17/18 MP: 5/5
   125 | D:1      | Reached skill level 1 in Stealth
   136 | D:1      | Learned a level 2 spell: Sticks to Snakes
   472 | D:1      | Reached XP level 3. HP: 23/23 MP: 6/6
   739 | D:2      | Learned a level 3 spell: Spider Form
   823 | D:2      | Reached XP level 4. HP: 28/28 MP: 5/7
  1158 | D:2      | Reached skill level 1 in Poison Magic
  1430 | D:2      | Found a sacrificial altar of Ru.
  1650 | D:3      | Found a runed translucent door.
  1654 | D:3      | Noticed Heh's ghost (novice OpGl)
  1672 | D:3      | Found a runed translucent door.
  1721 | D:3      | Found a snail-covered altar of Cheibriados.
  1915 | D:3      | Became a worshipper of Cheibriados the Contemplative
  1977 | D:3      | Noticed Natasha
  1996 | D:3      | Killed Natasha
  1996 | D:3      | Reached XP level 5. HP: 13/33 MP: 2/8
  2225 | D:3      | Noticed Natasha
  2236 | D:3      | Killed Natasha
  2725 | D:4      | Reached XP level 6. HP: 17/38 MP: 5/9
  2758 | D:4      | Noticed a steam dragon
  2770 | D:4      | Killed from afar by a steam dragon

Levels and vault maps discovered:
D:1:      ncdulo_watergridlock, layout_loops_ring
D:2:      layout_rooms, serial_forest, infiniplex_forest_clump_tiny,
          infiniplex_forest_clump_large, infiniplex_forest_straight_5,
          infiniplex_forest_end_2, infiniplex_forest_lined_room_2,
          infiniplex_forest_lined_2, nicolae_ru_the_path_less_chosen
D:3:      layout_loops_ring, ebering_ghost_sewer_f, kennysheep_slug_shrine,
          uniq_natasha
D:4:      layout_rooms, first_ration

Skill      XL: |  1  2  3  4  5 |
---------------+----------------+-----
Stealth        | 1 2 3 |  3.3
Poison Magic   | 1 3 |  3.4
Fighting       | |  1.0
Dodging        | |  2.8
Unarmed Combat | |  3.9
Spellcasting   | |  2.4
Transmutations | |  2.9
Invocations    | |  0.9

Action                   |  1- 3 |  4- 6 || total
-------------------------+-------+-------++-------
Melee: Unarmed           |    68 |   101 ||   169
       Constrict         |    23 |    18 ||    41
       Tentacles         |     9 |     8 ||    17
       Kick              |     9 |    17 ||    26
       Punch             |     1 |     1 ||     2
 Cast: Beastly Appendage |    11 |    19 ||    30
       Spider Form       |       |     4 ||     4
  Use: Scroll            |       |     8 ||     8
       Potion            |       |     1 ||     1
 Stab: Sleeping          |     7 |     7 ||    14
  Eat: Chunk             |       |     6 ||     6
Armor: Skin              |     4 |     7 ||    11
Dodge: Dodged            |    35 |    92 ||   127

Table legend:
 A = Non-vault XP
 B = Vault XP
 C = Vault XP percentage of total XP
 D = Non-vault monster count
 E = Vault monster count
 F = Vault count percentage of total count
                 A         B        C        D         E       F
            +---------+---------+-------+---------+---------+-------
      Total |     353 |      39 |   9.9 |      73 |       2 |   2.7
            +---------+---------+-------+---------+---------+-------
        D:1 |      47 |       0 |   0.0 |      29 |       0 |   0.0
        D:2 |      64 |       0 |   0.0 |      23 |       0 |   0.0
        D:3 |     113 |      39 |  25.7 |      16 |       2 |  11.1
        D:4 |     129 |       0 |   0.0 |       5 |       0 |   0.0
            +---------+---------+-------+---------+---------+-------
